 Dungeon Crawl Stone Soup version 0.28.0-53-g5a82cb258f (webtiles) character file.

Game seed: 7551725586944348791

8 mcbry74 the Skirmisher (level 2, 0/26 HPs)
             Began as a Hill Orc Fighter on June 25, 2022.
             Slain by a kobold
             ... wielding a +2 short sword of venom
              (6 damage)
             ... on level 1 of the Dungeon.
             The game lasted 00:01:15 (201 turns).

mcbry74 the Skirmisher (Hill Orc Fighter)            Turns: 201, Time: 00:01:16

Health: 0/26       AC:  6    Str: 18    XL:     2   Next: 8%
Magic:  2/2        EV:  9    Int:  8    God:
Gold:   74         SH:  4    Dex: 10    Spells: 1/1 levels left

rFire   . . .      SeeInvis .   a - +0 war axe
rCold   . . .      Faith    .   c - +0 buckler
rNeg    . . .      Spirit   .   b - +0 scale mail
rPois   .          Reflect  .   (no helmet)
rElec   .          Harm     .   (no cloak)
rCorr   .          Rampage  .   (no gloves)
Will    .....                   (no boots)
Stlth   ..........              (no amulet)
HPRegen 0.08/turn               (no ring)
MPRegen 0.08/turn               (no ring)

@: no status effects
A: no striking features
a: no special abilities


You were on level 1 of the Dungeon.
You visited 1 branch of the dungeon, and saw 1 of its levels.

You collected 74 gold pieces.

Inventory:

Hand Weapons
 a - a +0 war axe (weapon)
Armour
 b - a +0 scale mail (worn)
 c - a +0 buckler (worn)
Scrolls
 f - a scroll of fog {unknown}
 g - a scroll of enchant armour {unknown}
Potions
 d - a potion of might
 e - a potion of curing


   Skills:
 - Level 3.6 Fighting
 * Level 3.2 Axes
 + Level 3.4 Armour
 + Level 3.4 Shields


You had one spell level left.
You didn't know any spells.
Your spell library was empty.

Dungeon Overview and Level Annotations

Branches:
Dungeon (1/15)

Altars:

Shops:
D:1 [


Message History

The frilled lizard hisses angrily.
You miss the frilled lizard. You block the frilled lizard's attack.
The frilled lizard bites you.
The kobold hits you with a +2 short sword of venom.
You are poisoned.
You closely miss the kobold. You barely miss the frilled lizard.
You hit the kobold.
You kill the kobold!
You feel very sick. The frilled lizard closely misses you.
The kobold barely misses you.
You barely miss the kobold. You closely miss the frilled lizard.
You feel sick.
The frilled lizard bites you but does no damage.
The kobold hits you with a +2 short sword of venom!
You closely miss the kobold. You barely miss the frilled lizard.
You feel sick. The frilled lizard bites you.
The kobold hits you with a +2 short sword of venom.
You are lethally poisoned!
The frilled lizard bites you but does no damage.
The kobold barely misses you.
You closely miss the kobold. You barely miss the frilled lizard.
* * * LOW HITPOINT WARNING * * *
You feel very sick. You block the frilled lizard's attack.
The kobold hits you with a +2 short sword of venom.
* * * LOW HITPOINT WARNING * * *
You are more poisoned.
It was a potion of curing.
You feel better. The frilled lizard bites you.
* * * LOW HITPOINT WARNING * * *
You block the kobold's attack.
You barely miss the frilled lizard. The frilled lizard bites you.
* * * LOW HITPOINT WARNING * * *
You closely miss the frilled lizard. The frilled lizard bites you.
* * * LOW HITPOINT WARNING * * *
The frilled lizard bites you but does no damage.
You closely miss the frilled lizard. The frilled lizard closely misses you.
You closely miss the frilled lizard. You block the frilled lizard's attack.
You slash the frilled lizard!
You kill the frilled lizard!
The kobold hits you with a +2 short sword of venom.
You die...

.. ......#.#...## ..
#.###.##...#....##
#.#
......#.#.#.....#
...##.##...#......##
#.#...#.#.#.#...###
...#...#...#.......
# #...#†#.#.#.######
#...##.##...#...#
#....K@.#.#.###
##.###)##...##
......#.##
#.###.##..# ...
.....## #.# ###.###
#.## ######.# ..


You could see a kobold.

Vanquished Creatures
  A goblin (D:1)
  A hobgoblin (D:1)
  2 kobolds (D:1)
  A ball python (D:1)
  2 bats (D:1)
  2 frilled lizards (D:1)
9 creatures vanquished.

Notes
Turn   | Place    | Note
-------+----------+-------------------------------------------
     0 | D:1      | mcbry74 the Hill Orc Fighter began the quest for the Orb.
     0 | D:1      | Reached XP level 1. HP: 19/19 MP: 1/1
   115 | D:1      | Found Ylelus's Antique Armour Emporium.
   186 | D:1      | Reached XP level 2. HP: 26/26 MP: 2/2
   194 | D:1      | HP: 1/26 [kobold/+2 short sword of venom (3)]
   201 | D:1      | Slain by a kobold

Illustrated notes

Levels and vault maps discovered:
D:1:      minmay_arrival_four_houses, layout_loops_ring, serial_shops,
          nicolae_shop_window_shopping, nicolae_concentric_dashed_squares_mild

Skill      XL: |  1 |
---------------+----+-----
Axes           | 3 |  3.2
Fighting       | |  3.6
Armour         | |  3.4
Shields        | |  3.4

Action                   || total
-------------------------++-------
Melee: War axe           ||    30
  Use: Potion            ||     1
Armor: Scale mail        ||    12
Dodge: Dodged            ||    14
Block: Buckler           ||    10
